 Dungeon Sprint DCSS version 0.30.1-11-g7821555f0a (webtiles) character file.

Game seed: 5289589269557562590

2969 Heoruswealwe the Impaler (level 9, -2/94 HPs)
             Began as a Minotaur Fighter on Dec 27, 2023.
             Was an Initiate of Gozag.
             Killed by divine providence
             ... invoked by a meliai
              (11 damage)
             ... in the Dungeon (Sprint IX: "|||||||||||||||||||||||||||||").
             The game lasted 00:04:16 (304 turns).

Heoruswealwe the Impaler (Minotaur Fighter)          Turns: 304, Time: 00:04:25

Health: -2/94      AC: 19    Str: 32    XL:     9   Next: 52%
Magic:  8/8        EV:  8    Int:  5    God:    Gozag
Gold:   621        SH:  0    Dex:  9    Spells: 8/8 levels left

rFire   . . .        b - +2 halberd (venom)
rCold   . . .        (shield currently unavailable)
rNeg    . . .        c - +0 plate armour
rPois   .            (helmet restricted)
rElec   .            h - +0 cloak
rCorr   .            (no gloves)
SInv    .            e - +0 pair of boots
Will    .....        (no amulet) Stlth
                     k - +3 ring of strength
HPRegen 0.35/turn    j - +3 ring of strength
MPRegen 0.11/turn

%: no teleportation
@: no status effects
A: horns 2, retaliatory headbutt
a: Renounce Religion, Potion Petition, Call Merchant, Bribe Branch


You were in the Dungeon.
You worshipped Gozag.
Gozag was pleased with you.
You visited 1 branch You collected 621 gold pieces.

Inventory:

Hand Weapons
 a - a +0 trident
 b - a +2 halberd of venom (weapon)
Armour
 c - a +0 plate armour (worn)
 d - a +0 buckler
 e - a +0 pair of boots (worn)
 h - a +0 cloak (worn)
Jewellery
 j - a +3 ring of strength (right hand)
 k - a +3 ring of strength (left hand)
Wands
 m - a wand of iceblast (10)
Scrolls
 o - a scroll of blinking
Potions
 f - 2 potions of heal wounds
 g - a potion of haste
 i - a potion of berserk rage
 l - 5 potions of curing
 n - a potion of might


   Skills:
 + Level 13.7 Fighting
 * Level 18.4 Polearms
 + Level 13.7 Armour
 - Level 3.6 Shields


You had 8 spell levels left.
You didn't know any spells.
Your spell library was empty.

Dungeon Overview and Level Annotations

Branches:
Dungeon (1/1)

Altars:
Cheibriados
Dithmenos
Elyvilon
Fedhas
Gozag
Hepliaklqana
Kikubaaqudgha
Makhleb
Nemelex Xobeh
Okawaru
Qazlal
Ru
Sif Muna
Trog
Uskayaw
Vehumet
Wu Jian
Xom
Yredelemnul
Zin
The Shining One
Jiyva
Lugonu


Innate Abilities, Weirdness & Mutations

You have a pair of horns on your head.
You reflexively headbutt those who attack you in melee.


Message History

You are engulfed in calcifying dust.
Your limbs have turned to stone.
The catoblepas gores you!!
The manticore is distracted by your dazzling golden aura.
The meliai mumbles some strange prayers to its god against you.
Something smites you!
You have turned to stone.
You are engulfed in calcifying dust.
The meliai mumbles some strange prayers to its god against you.
Something smites you!
The catoblepas is distracted by your dazzling golden aura.
The four-headed hydra is distracted by your dazzling golden aura.
The four-headed hydra roars!
The catoblepas bellows!
You are engulfed in calcifying dust.
You kill the catoblepas!
Your Polearms skill increases to level 18!
You are engulfed in calcifying dust.
You are engulfed in calcifying dust.
The four-headed hydra is no longer distracted by gold.
The manticore is no longer distracted by gold.
The four-headed hydra bites you!
* * * LOW HITPOINT WARNING * * *
The four-headed hydra bites you.
* * * LOW HITPOINT WARNING * * *
The four-headed hydra bites you but does no damage.
The four-headed hydra bites you!
* * * LOW HITPOINT WARNING * * *
The four-headed hydra bites you but does no damage. x3
The four-headed hydra bites you!
* * * LOW HITPOINT WARNING * * *
The meliai calls down the wrath of its god upon you.
Something smites you!
* * * LOW HITPOINT WARNING * * *
The four-headed hydra bites you but does no damage. x4
You turn to flesh and can move again.
Blink to where?
Press: ? - help, Dir - move target
As you read the scroll of blinking, it crumbles to dust.
The meliai invokes the aid of its god against you.
Something smites you!
You die...
Your body crumbles into a pile of gold. $$$$$ $ $ $ $$$$$ $ $ ▓▓▓▓▓▓▓▓▓▓▓▓▓▓▓▓▓▓▓▓▓▓▓▓▓ '!?)[.....'))...@'$D$yH.+ ▓▓▓▓▓▓▓▓▓▓▓▓▓▓▓▓▓▓▓▓▓▓▓▓▓

You could see a four-headed hydra, a manticore and a meliai.

Vanquished Creatures
  A catoblepas (D)
  A centaur warrior (D)
  A boulder beetle (D)
  A two-headed ogre (D)
  A wyvern (D)
  A yak (D)
  An orc warrior (D)
  2 kobold brigands (D)
  A scorpion (D)
  A sleepcap (D)
  2 adders (D)
  A dart slug (D)
  An orc (D)
  A giant cockroach (D)
  A ball python (D)
  A bat (D)
  A rat (D)
19 creatures vanquished.

Notes
Turn   | Place    | Note
-------+----------+-------------------------------------------
     0 | D        | Heoruswealwe the Minotaur Fighter began the quest for the
                  | Orb.
     0 | D        | Reached XP level 1. HP: 19/19 MP: 0/0
     8 | D        | Reached skill level 3 in Polearms
    18 | D        | Noticed a sleepcap
    18 | D        | Noticed a scorpion
    23 | D        | Reached skill level 4 in Polearms
    23 | D        | Reached XP level 2. HP: 28/28 MP: 1/1
    32 | D        | Reached skill level 5 in Fighting
    32 | D        | Reached skill level 6 in Polearms
    32 | D        | Reached skill level 5 in Armour
    32 | D        | Reached XP level 3. HP: 30/36 MP: 2/2
    43 | D        | Killed a scorpion
    44 | D        | Reached skill level 8 in Polearms
    44 | D        | Reached XP level 4. HP: 34/45 MP: 3/3
    50 | D        | Found a snail-covered altar of Cheibriados.
    50 | D        | Found a shadowy altar of Dithmenos.
    50 | D        | Found a white marble altar of Elyvilon.
    50 | D        | Found a blossoming altar of Fedhas.
    50 | D        | Found an opulent altar of Gozag.
    51 | D        | Found a hazy altar of Hepliaklqana.
    52 | D        | Found a viscous altar of Jiyva.
    53 | D        | Found an ancient bone altar of Kikubaaqudgha.
    54 | D        | Found a corrupted altar of Lugonu.
    55 | D        | Found a burning altar of Makhleb.
    56 | D        | Found a sparkling altar of Nemelex Xobeh.
    57 | D        | Found an iron altar of Okawaru.
    58 | D        | Became a worshipper of Gozag Ym Sagoz the Greedy
    59 | D        | Found a stormy altar of Qazlal.
    60 | D        | Found a sacrificial altar of Ru.
    61 | D        | Found a shimmering blue altar of Sif Muna.
    62 | D        | Found a bloodstained altar of Trog.
    63 | D        | Found a hide-covered altar of Uskayaw.
    64 | D        | Found a radiant altar of Vehumet.
    65 | D        | Found an ornate altar of the Wu Jian Council.
    66 | D        | Found a shimmering altar of Xom.
    67 | D        | Found a basalt altar of Yredelemnul.
    68 | D        | Found a glowing silver altar of Zin.
    69 | D        | Found a glowing golden altar of the Shining One.
   125 | D        | Noticed an orc warrior
   125 | D        | Noticed a kobold brigand
   125 | D        | Noticed a wyvern
   125 | D        | Noticed a two-headed ogre
   125 | D        | Noticed a kobold brigand
   125 | D        | Noticed a yak
   131 | D        | Killed an orc warrior
   132 | D        | Reached skill level 10 in Polearms
   132 | D        | Reached XP level 5. HP: 32/53 MP: 4/4
   133 | D        | Reached XP level 6. HP: 34/62 MP: 5/5
   134 | D        | Killed a wyvern
   135 | D        | Reached skill level 12 in Polearms
   140 | D        | Killed a two-headed ogre
   141 | D        | Reached skill level 14 in Polearms
   141 | D        | Reached XP level 7. HP: 35/74 MP: 6/6
   144 | D        | Reached XP level 8. HP: 40/82 MP: 7/7
   151 | D        | Reached skill level 15 in Polearms
   278 | D        | Noticed a centaur warrior
   278 | D        | Noticed a boulder beetle
   278 | D        | Noticed a meliai
   278 | D        | Noticed a catoblepas
   278 | D        | Noticed a four-headed hydra
   278 | D        | Noticed a manticore
   286 | D        | Killed a centaur warrior
   287 | D        | Reached skill level 16 in Polearms
   291 | D        | Killed a boulder beetle
   292 | D        | Reached skill level 17 in Polearms
   292 | D        | Reached XP level 9. HP: 54/93 MP: 8/8
   298 | D        | Killed a catoblepas
   299 | D        | Reached skill level 18 in Polearms
   304 | D        | Killed from afar by a meliai

Illustrated notes

Levels and vault maps discovered:
D:        linesprint [early_d, line_temple, items_1, d_10, items_2, lair_1,
          lair_end, items_3, orc_1, orc_end, items_4, d_15, swamp_1, shoals_1,
          snake_1, spider_1, d_20, vaults_1, items_5, swamp_end, shoals_end,
          snake_end, spider_end, vaults_end, d_27, items_6, zot_1, zot_end,
          crypt_end, forest_end, elf_end, slime_end, tomb_end, abyss_end,
          pan_hell_end]

Skill      XL: |  1  2  3  4  5  6  7  8  9 |
---------------+----------------------------+-----
Polearms       | 4 6 8 10 14 17 18 | 18.4
Fighting       | 4 5 6 7 8 11 13 | 13.7
Armour         | 4 5 6 7 8 11 13 | 13.7
Shields        | |  3.6

Action                     |  1- 3 |  4- 6 |  7- 9 || total
---------------------------+-------+-------+-------++-------
  Melee: Trident           |    31 |       |       ||    31
         Headbutt          |     8 |     3 |     5 ||    16
         Halberd           |       |    13 |    23 ||    36
    Use: Potion            |       |     1 |       ||     1
         Scroll            |       |       |     1 ||     1
   Stab: Distracted        |       |     1 |     1 ||     2
 Armour: Scale mail        |    14 |       |       ||    14
         Plate armour      |       |     1 |    18 ||    19
  Dodge: Dodged            |    10 |     6 |     5 ||    21
  Block: Buckler           |     7 |       |       ||     7
